 Dungeon Crawl Stone Soup version 0.25.0-9-g26727b657a (webtiles) character file.

Game seed: 11345827271001963684

998 Lanoc the Insei (level 8, 0/54 HPs)
             Began as an Octopode Transmuter on June 18, 2020.
             Slain by an orc
             ... wielding a +0 trident
              (8 damage)
             ... on level 6 of the Dungeon.
             The game lasted 00:10:22 (6634 turns).

Lanoc the Insei (Octopode Transmuter)               Turns: 6634, Time: 00:10:22

Health: 0/54       AC:  1    Str: 10    XL:     8   Next: 19%
Magic:  11/11      EV: 15    Int: 17    God:
Gold:   398        SH:  0    Dex: 12    Spells: 5/11 levels left

rFire    . . .     SeeInvis +     - Unarmed
rCold    . . .     Gourm    .   (no shield)
rNeg     . . .     Faith    .   (helmet restricted)
rPois    .         Spirit   .   (no amulet)
rElec    .         Reflect  .   g - ring of see invisible
rCorr    .         Harm     .   (no ring)
MR       .....                  (no ring)
Stlth    ++........             (no ring)
HPRegen  0.18/turn              (no ring)
MPRegen  0.12/turn              (no ring)
                                (no ring)
                                (no ring)

@: appendage
A: almost no armour, stealthy swim, amphibious, 8 rings, constrict 8, tentacle
spike 3, camouflage 1, gelatinous body 1
a: End Transformation


You were on level 6 of the Dungeon.
You were not hungry.
One of your tentacles had a temporary spike.
You visited 1 branch of the dungeon, and saw 6 of its levels.
You also visited: Sewer.

You collected 398 gold pieces.

Inventory:

Missiles
 a - 25 arrows
Jewellery
 g - a ring of see invisible (left tentacle)
Wands
 k - a wand of polymorph (7)
 p - a wand of random effects (20)
 q - a wand of clouds (4)
Scrolls
 b - 2 scrolls of teleportation
 f - 4 scrolls of identify
 i - a scroll of blinking {unknown}
 j - a scroll of immolation {unknown}
 l - a scroll of amnesia {unknown}
 m - a scroll of remove curse {unknown}
 n - a scroll of enchant armour {unknown}
Potions
 d - a potion of ambrosia
 e - a potion of degeneration
 h - 3 potions of curing
 o - a potion of might
Comestibles
 c - 12 rations
 r - a chunk of flesh


   Skills:
 + Level 3.7 Fighting
 + Level 4.1 Dodging
 * Level 6.1 Unarmed Combat
 - Level 2.0 Spellcasting
 * Level 5.6 Transmutations


You had 5 spell levels left.
You knew the following spells:

 Your Spells              Type           Power        Failure   Level  Hunger
a - Beastly Appendage     Tmut           ###...       1%          1    #......
b - Sticks to Snakes      Tmut           ###.....     3%          2    ###....
c - Spider Form           Tmut/Pois      ##........   19%         3    ###....

Your spell library contained the following spells:

 Spells                   Type           Power        Failure   Level  Hunger
 Blade Hands              Tmut           ###.......   47%         5    ######.
 Ice Form                 Ice/Tmut       ##......     52%         4    #####..


Dungeon Overview and Level Annotations

Branches:
Dungeon (6/15)              Sewer (visited)
 Temple: D:4-7

Altars:
Okawaru
Vehumet
Yredelemnul

Annotations:
D:5 Grinder, Menkaure


Innate Abilities, Weirdness & Mutations

You cannot wear most types of armour.
You are very stealthy in the water. (Stealth+)
You are amphibious.
You can wear up to eight rings at the same time.
You can use your tentacles to constrict eight enemies at once.
Your skin changes colour to match your surroundings (Stealth+).
Your rubbery body absorbs attacks. (AC +1, EV +1)
One of your tentacles bears a large vicious spike.


Message History

The orc wizard is moderately wounded.
You constrict the orc wizard.
The orc wizard hits you but does no damage.
You tentacle-slap the orc wizard.
You pierce the orc wizard, but do no damage.
The orc wizard is heavily wounded.
You constrict the orc wizard.
The orc wizard hits you with a +0 dagger.
* * * LOW HITPOINT WARNING * * *
You bludgeon the orc wizard!
You kill the orc wizard!
The orc hits you from afar with a +0 trident!
* * * LOW HITPOINT WARNING * * *
You feel better. The orc barely misses you.
You tentacle-slap the orc. You grab the orc.
You pierce the orc.
You kill the orc!
You barely miss the orc. You grab the orc.
You pierce the orc, but do no damage.
You constrict the orc. The orc hits you with a +0 trident!
You die...

...####### #.#
#.#.#.##.#.#
.......... #.#
#.#.#.##.#.#
##.###### #.#
#%#.#z# #.# #.#
#†# #S#.#$## #.#
#.#
#.#####.#.#..#.#
##.#
#.#o...........#
##.#
#.)o..#.#.#.####
##.#
#.#o###.#.#.#.#
##.#
#...@.#.#.#.#.#
.#.# ..#
###.#.#.#.#.#!#
...+ ....
#...#o#.#.#.#
.#o# ...#
#.......#.#..
.#[#....#
#...#...#.###
...#.... #......
..o..... #.#._
#. /..#... .. ..
.. ...# .#


You could see an orc.

Vanquished Creatures
  An orc warrior (D:6)
  An ice beast (D:5)
  A crocodile (Sewer)
  A scorpion (D:5)
  3 wights (D:6)
  A crimson imp (D:5)
  A bullfrog zombie (D:5)
  2 hounds (D:5)
  2 orc wizards (D:6)
  An iguana (D:6)
  Natasha (twice) (D:3)
  2 worker ants
  5 adders
  An ooze (D:1)
  A worm (D:3)
  A dart slug (D:1)
  5 leopard geckos
  9 orcs
  2 ball pythons
  8 bats
  7 giant cockroaches
  5 goblins
  10 hobgoblins
  12 jackals
  A quokka (D:4)
  6 frilled lizards
  8 kobolds
  A leopard gecko zombie (D:5)
  A quokka skeleton (D:4)
  A quokka zombie (D:5)
  4 rats
106 creatures vanquished.

Vanquished Creatures (collateral kills)
  Edmund (D:5)
  An ogre (D:4)
  An orc wizard (D:6)
  A leopard gecko (D:4)
  2 giant cockroaches (D:4)
  A ball python (D:4)
7 creatures vanquished.

Grand Total: 113 creatures vanquished

Notes
Turn   | Place    | Note
-------+----------+-------------------------------------------
     0 | D:1      | Lanoc the Octopode Transmuter began the quest for the Orb.
     0 | D:1      | Reached XP level 1. HP: 13/13 MP: 3/3
   156 | D:1      | Reached XP level 2. HP: 15/18 MP: 3/5
   640 | D:1      | Reached XP level 3. HP: 15/23 MP: 4/6
  1623 | D:2      | Reached XP level 4. HP: 13/29 MP: 5/7
  1632 | D:2      | Learned a level 2 spell: Sticks to Snakes
  1636 | D:2      | Learned a level 3 spell: Spider Form
  2624 | D:3      | Reached skill level 4 in Unarmed Combat
  2624 | D:3      | Reached XP level 5. HP: 22/34 MP: 6/8
  2891 | D:3      | Noticed Natasha
  2900 | D:3      | Killed Natasha
  3043 | D:3      | Noticed Natasha
  3049 | D:3      | Killed Natasha
  3540 | D:4      | Noticed a phantom
  3556 | D:4      | Noticed an ogre
  3567 | D:4      | Found a basalt altar of Yredelemnul.
  3577 | D:4      | Found a glowing drain.
  3586 | Sewer    | Entered a sewer
  3655 | Sewer    | Noticed a crocodile
  3666 | Sewer    | Killed a crocodile
  3666 | Sewer    | Reached XP level 6. HP: 18/41 MP: 2/9
  4220 | D:5      | Entered Level 5 of the Dungeon
  4558 | D:5      | Reached skill level 5 in Unarmed Combat
  4558 | D:5      | Reached XP level 7. HP: 28/45 MP: 8/10
  4804 | D:5      | Noticed Menkaure
  4821 | D:5      | Noticed Edmund
  4840 | D:5      | Killed Edmund
  5584 | D:5      | Found an iron altar of Okawaru.
  5637 | D:5      | Reached skill level 5 in Transmutations
  5774 | D:5      | Noticed Grinder
  5777 | D:5      | Paralysed by Grinder for 3 turns
  6440 | D:6      | Reached XP level 8. HP: 28/52 MP: 3/11
  6445 | D:6      | Reached skill level 6 in Unarmed Combat
  6624 | D:6      | Found a radiant altar of Vehumet.
  6628 | D:6      | HP: 1/54 [orc/+0 trident (7)]
  6634 | D:6      | Slain by an orc

Illustrated notes

Levels and vault maps discovered:
D:1:      evilmike_arrival_hilbert_curve, layout_loops_ring,
          chequers_serial_rivers_small_a
D:2:      layout_rooms
D:3:      minmay_angry_zag, layout_loops_ring, uniq_natasha
D:4:      layout_cave_pools, yredelemnul_altar_generic, portal_sewer_entry_f,
          serial_bayou_pond_b, uniq_crazy_yiuf_cottage
D:5:      layout_loops_corners, lemuel_crystal_altar, first_ration, uniq_edmund,
          uniq_grinder, uniq_menkaure
D:6:      layout_basic, vehumet_altar_wand_db

Skill      XL: |  1  2  3  4  5  6  7  8 |
---------------+-------------------------+-----
Transmutations | 3 4 5 |  5.6
Fighting       | 2 3 |  3.7
Unarmed Combat | 4 5 6 |  6.1
Dodging        | 3 4 |  4.1
Spellcasting   | |  2.0

Action                   |  1- 3 |  4- 6 |  7- 9 || total
-------------------------+-------+-------+-------++-------
Melee: Unarmed           |    65 |   131 |    78 ||   274
       Constrict         |    18 |    33 |    17 ||    68
       Tentacles         |     6 |    13 |    11 ||    30
       Kick              |    15 |    31 |    28 ||    74
       Punch             |       |     7 |     2 ||     9
 Cast: Beastly Appendage |    19 |    27 |    14 ||    60
       Sticks to Snakes  |       |    18 |    20 ||    38
       Spider Form       |       |     1 |       ||     1
  Use: Scroll            |       |     7 |       ||     7
       Potion            |       |     6 |     3 ||     9
 Stab: Sleeping          |     4 |    10 |     2 ||    16
  Eat: Chunk             |     2 |    12 |     8 ||    22
Armor: Skin              |     4 |    12 |     4 ||    20
Dodge: Dodged            |    37 |   103 |    40 ||   180
